General information
- name: BNet
- type: Ladder team game (AT/RT)
- host: Battle.net
- saver: MerryChristmas.
map: Deathknell
- players: 8
- length: 51:06
- speed: Fast
- version: 1.26 W3XP
- replay type: Public
» download(285 KB)
Players
team 1 (loser)
PAC-MAN (
yellow | 57 APM | 2101 actions | 37:01)
5 Archmage
3 Summon Water Elemental
2 Brilliance Aura
3 Paladin
2 Holy Light
1 Divine Shield
» actions
| Assign group hotkey | 3 | |
| Basic commands | 132 | |
| Build / train | 111 | |
| Enter build submenu | 36 | |
| Enter hero's abilities submenu | 8 | |
| Give item / drop item | 1 | |
| Right click | 955 | |
| Select / deselect | 678 | |
| Select group hotkey | 9 | |
| Use ability | 168 | |
2101 total
» units
| Peasant | 39 | |
| Footman | 5 | |
| Mortar Team | 6 | |
| Sorceress | 5 | |
| Siege Engine | 3 | |
| Knight | 1 | |
59 total
» upgrades
| Defend | 1 | |
| Masonry | 3 | |
| Gunpowder | 3 | |
| Swords | 1 | |
| Lumber Harvesting | 2 | |
| Flare | 1 | |
| Armor | 1 | |
| Fragmentation Shards | 1 | |
| Priest Training | 1 | |
| Sorceress Training | 2 | |
| Barrage | 1 | |
| Plating | 1 | |
| Animal War Training | 1 | |
19 total
» buildings
| Barracks | 4 | |
| Altar of Kings | 2 | |
| Farm | 15 | |
| Scout Tower | 17 | |
| Arcane Tower | 1 | |
| Arcane Vault | 1 | |
| Blacksmith | 2 | |
| Lumber Mill | 2 | |
| Town Hall | 4 | |
| Guard Tower | 11 | |
| Keep | 2 | |
| Castle | 1 | |
| Workshop | 3 | |
| Arcane Sanctum | 1 | |
66 total
» build order
01:20 Barracks
01:24 Altar of Kings
01:28 Farm
01:29 Farm
02:00 Farm
02:00 Farm
02:27 Scout Tower
02:57 Arcane Tower
03:01 Arcane Vault
03:08 Blacksmith
03:27 Lumber Mill
05:03 Scout Tower
05:05 Scout Tower
05:06 Scout Tower
05:11 Town Hall
05:20 Farm
05:22 Farm
05:40 Guard Tower
05:46 Scout Tower
05:47 Scout Tower
06:09 Keep
06:09 Keep
06:19 Farm
06:26 Guard Tower
06:49 Guard Tower
06:52 Scout Tower
06:54 Scout Tower
07:23 Farm
07:24 Farm
07:26 Guard Tower
07:49 Guard Tower
08:32 Castle
08:54 Workshop
08:58 Workshop
09:32 Workshop
10:09 Arcane Sanctum
13:06 Farm
14:04 Farm
14:04 Farm
15:17 Scout Tower
15:18 Scout Tower
15:19 Scout Tower
15:24 Farm
16:02 Guard Tower
17:51 Guard Tower
18:00 Guard Tower
18:03 Guard Tower
18:03 Guard Tower
20:06 Scout Tower
20:07 Scout Tower
20:08 Scout Tower
20:09 Scout Tower
20:09 Scout Tower
20:10 Scout Tower
21:35 Town Hall
28:09 Town Hall
28:27 Town Hall
29:03 Altar of Kings
30:12 Lumber Mill
30:40 Farm
32:28 Blacksmith
32:32 Barracks
33:15 Farm
33:18 Barracks
33:59 Barracks
» items
| Scroll of Regeneration | 2 | |
| Ivory Tower | 4 | |
| Scroll of Town Portal | 1 | |
7 total
MerryChristmas. (
red | 81 APM | 4165 actions | 51:06)
10 Archmage
3 Summon Water Elemental
3 Brilliance Aura
1 Mass Teleport
3 Blizzard
» actions
| Assign group hotkey | 107 | |
| Basic commands | 320 | |
| Build / train | 180 | |
| ESC pressed | 12 | |
| Enter build submenu | 59 | |
| Enter hero's abilities submenu | 10 | |
| Give item / drop item | 2 | |
| Right click | 1184 | |
| Select / deselect | 549 | |
| Select group hotkey | 1347 | |
| Use ability | 395 | |
4165 total
» units
| Peasant | 18 | |
| Footman | 7 | |
| Goblin Shredder | 3 | |
| Goblin Sapper | 10 | |
| Goblin Zeppelin | 2 | |
| Ice Troll Trapper | 2 | |
| Ice Troll Berserker | 1 | |
| Mud Golem | 1 | |
| Gnoll Overseer | 1 | |
| Gryphon Rider | 6 | |
| Dragonhawk Rider | 4 | |
55 total
» upgrades
| Masonry | 3 | |
| Swords | 3 | |
| Lumber Harvesting | 2 | |
| Armor | 3 | |
| Animal War Training | 1 | |
| Storm Hammers | 1 | |
| Cloud | 1 | |
| Gunpowder | 1 | |
15 total
» buildings
| Altar of Kings | 2 | |
| Barracks | 1 | |
| Farm | 6 | |
| Arcane Vault | 1 | |
| Lumber Mill | 1 | |
| Keep | 5 | |
| Town Hall | 7 | |
| Blacksmith | 2 | |
| Castle | 5 | |
| Scout Tower | 39 | |
| Guard Tower | 47 | |
| Gryphon Aviary | 8 | |
| Arcane Tower | 4 | |
128 total
» build order
00:56 Altar of Kings
00:58 Barracks
00:59 Farm
01:02 Farm
01:17 Farm
01:39 Arcane Vault
02:16 Farm
02:33 Lumber Mill
03:13 Farm
04:34 Keep
04:34 Keep
05:22 Town Hall
06:30 Blacksmith
06:38 Farm
07:14 Castle
08:06 Scout Tower
08:06 Scout Tower
08:37 Guard Tower
08:38 Guard Tower
08:42 Gryphon Aviary
08:44 Gryphon Aviary
11:51 Town Hall
11:53 Scout Tower
11:54 Scout Tower
11:54 Scout Tower
11:55 Scout Tower
12:30 Guard Tower
12:30 Guard Tower
12:33 Scout Tower
12:34 Scout Tower
12:35 Scout Tower
12:36 Scout Tower
12:38 Scout Tower
12:46 Scout Tower
12:48 Scout Tower
12:48 Scout Tower
12:50 Scout Tower
12:50 Scout Tower
13:15 Guard Tower
13:15 Guard Tower
13:28 Guard Tower
14:07 Guard Tower
14:07 Guard Tower
19:33 Town Hall
19:35 Scout Tower
19:36 Scout Tower
19:37 Scout Tower
19:38 Scout Tower
19:40 Town Hall
19:42 Scout Tower
19:46 Town Hall
19:52 Scout Tower
19:54 Scout Tower
19:56 Scout Tower
19:57 Scout Tower
19:57 Scout Tower
19:59 Scout Tower
20:00 Scout Tower
20:12 Guard Tower
20:12 Guard Tower
20:21 Guard Tower
20:50 Guard Tower
20:50 Guard Tower
22:06 Guard Tower
22:07 Guard Tower
22:17 Town Hall
22:21 Scout Tower
22:23 Scout Tower
22:23 Scout Tower
22:24 Scout Tower
22:54 Guard Tower
22:54 Guard Tower
22:56 Scout Tower
22:57 Scout Tower
22:58 Scout Tower
22:59 Scout Tower
22:59 Guard Tower
23:00 Guard Tower
23:00 Guard Tower
23:00 Guard Tower
23:23 Scout Tower
23:25 Scout Tower
23:26 Guard Tower
23:27 Guard Tower
23:30 Guard Tower
23:30 Guard Tower
23:33 Scout Tower
23:54 Guard Tower
23:55 Guard Tower
24:39 Guard Tower
24:41 Arcane Tower
24:41 Arcane Tower
28:19 Keep
31:23 Guard Tower
31:23 Guard Tower
31:23 Guard Tower
32:09 Altar of Kings
33:30 Castle
33:30 Castle
33:31 Blacksmith
39:17 Gryphon Aviary
39:18 Gryphon Aviary
39:19 Gryphon Aviary
39:21 Gryphon Aviary
39:29 Gryphon Aviary
39:32 Gryphon Aviary
42:26 Town Hall
45:31 Guard Tower
» items
| Scroll of Regeneration | 7 | |
| Mechanical Critter | 6 | |
| Scroll of Town Portal | 2 | |
| Potion of Healing | 2 | |
| Moonstone | 1 | |
18 total
UdidntHaveTp (
orange | 30 APM | 1522 actions | 51:06)
7 Warden
3 Fan of Knives
3 Blink
1 Spirit of Vengeance
» actions
| Assign group hotkey | 29 | |
| Basic commands | 11 | |
| Build / train | 88 | |
| Enter build submenu | 24 | |
| Enter hero's abilities submenu | 8 | |
| Give item / drop item | 1 | |
| Right click | 857 | |
| Select / deselect | 210 | |
| Select group hotkey | 90 | |
| Use ability | 204 | |
1522 total
» units
| Wisp | 20 | |
| Archer | 17 | |
| Goblin Sapper | 4 | |
41 total
» upgrades
| Nature's Blessing | 1 | |
| Well Spring | 1 | |
| Marksmanship | 1 | |
| Strength of the Moon | 3 | |
| Moon Armor | 3 | |
9 total
» buildings
| Moon Well | 33 | |
| Altar of Elders | 1 | |
| Ancient of War | 3 | |
| Tree of Ages | 1 | |
| Tree of Eternity | 2 | |
| Hunter's Hall | 1 | |
| Ancient of Wonders | 1 | |
| Tree of Life | 1 | |
43 total
» build order
00:18 Moon Well
00:19 Altar of Elders
00:50 Ancient of War
01:43 Ancient of War
03:39 Tree of Ages
03:44 Moon Well
05:52 Moon Well
06:02 Tree of Eternity
06:36 Hunter's Hall
08:32 Ancient of Wonders
09:25 Moon Well
09:26 Moon Well
12:15 Moon Well
12:17 Moon Well
13:53 Moon Well
13:56 Moon Well
13:57 Moon Well
14:01 Moon Well
15:12 Ancient of War
15:50 Moon Well
15:52 Moon Well
17:20 Tree of Life
20:24 Moon Well
20:24 Moon Well
20:25 Moon Well
20:25 Moon Well
20:26 Moon Well
20:30 Moon Well
20:50 Moon Well
20:51 Moon Well
20:52 Moon Well
20:53 Moon Well
20:53 Moon Well
20:54 Moon Well
20:56 Moon Well
20:56 Moon Well
20:57 Moon Well
20:58 Moon Well
22:24 Moon Well
22:24 Moon Well
22:24 Moon Well
22:26 Moon Well
» items
| Orb of Venom | 1 | |
| Anti-magic Potion | 2 | |
| Potion of Mana | 2 | |
| Potion of Healing | 4 | |
| Lesser Clarity Potion | 2 | |
11 total
2064265555 (
pink | 24 APM | 947 actions | 39:10)
2 Archmage
1 Blizzard
1 Brilliance Aura
1 Mountain King
1 Storm Bolt
1 Paladin
1 Holy Light
» actions
| Basic commands | 6 | |
| Build / train | 53 | |
| Enter build submenu | 26 | |
| Enter hero's abilities submenu | 4 | |
| Give item / drop item | 1 | |
| Remove unit from queue | 2 | |
| Right click | 421 | |
| Select / deselect | 350 | |
| Use ability | 84 | |
947 total
» units
| Peasant | 12 | |
| Goblin Shredder | 1 | |
| Sorceress | 4 | |
| Priest | 1 | |
| Rifleman | 9 | |
27 total
» upgrades
| Sorceress Training | 2 | |
| Masonry | 1 | |
| Long Rifles | 1 | |
4 total
» buildings
| Altar of Kings | 1 | |
| Farm | 10 | |
| Barracks | 2 | |
| Arcane Vault | 1 | |
| Lumber Mill | 1 | |
| Keep | 2 | |
| Blacksmith | 1 | |
| Arcane Sanctum | 5 | |
| Castle | 1 | |
| Town Hall | 4 | |
| Scout Tower | 2 | |
30 total
» build order
00:09 Altar of Kings
00:26 Farm
01:06 Barracks
01:49 Farm
02:35 Arcane Vault
02:42 Farm
03:16 Lumber Mill
04:56 Keep
05:09 Blacksmith
05:14 Farm
05:49 Farm
05:56 Farm
06:59 Barracks
07:31 Arcane Sanctum
07:37 Arcane Sanctum
08:19 Castle
11:31 Farm
11:35 Farm
11:41 Farm
15:52 Town Hall
17:21 Town Hall
19:31 Town Hall
24:39 Farm
25:45 Keep
28:12 Scout Tower
28:28 Scout Tower
29:13 Arcane Sanctum
30:24 Arcane Sanctum
30:29 Arcane Sanctum
35:55 Town Hall
» items
| Lesser Clarity Potion | 3 | |
| Mechanical Critter | 2 | |
| Scroll of Town Portal | 3 | |
| Staff of Sanctuary | 1 | |
| Potion of Healing | 1 | |
10 total
team 2 (winner)
koogar (
blue | 24 APM | 1069 actions | 45:20)
6 Priestess of the Moon
2 Trueshot Aura
2 Searing Arrows
1 Scout
1 Starfall
» actions
| Basic commands | 7 | |
| Build / train | 80 | |
| Enter build submenu | 21 | |
| Enter hero's abilities submenu | 6 | |
| Give item / drop item | 1 | |
| Remove unit from queue | 26 | |
| Right click | 491 | |
| Select / deselect | 393 | |
| Use ability | 43 | |
1069 total
» units
| Wisp | 12 | |
| Huntress | 3 | |
| Archer | 9 | |
| Hippogryph | 8 | |
| Glaive Thrower | 2 | |
34 total
» upgrades
| Moon Armor | 1 | |
| Improved Bows | 1 | |
| Hippogryph Taming | 1 | |
| Strength of the Moon | 2 | |
| Marksmanship | 1 | |
| Vorpal Blades | 1 | |
7 total
» buildings
| Moon Well | 5 | |
| Altar of Elders | 1 | |
| Hunter's Hall | 1 | |
| Ancient of War | 2 | |
| Tree of Ages | 1 | |
| Tree of Life | 5 | |
| Tree of Eternity | 1 | |
| Ancient of Wind | 3 | |
| Ancient of Wonders | 2 | |
21 total
» build order
00:23 Moon Well
01:50 Altar of Elders
01:53 Hunter's Hall
01:57 Ancient of War
02:02 Ancient of War
02:12 Moon Well
02:31 Moon Well
05:45 Tree of Ages
06:17 Tree of Life
08:20 Tree of Eternity
08:32 Ancient of Wind
08:53 Ancient of Wind
08:58 Ancient of Wind
09:16 Ancient of Wonders
09:21 Moon Well
10:43 Tree of Life
14:33 Ancient of Wonders
16:36 Moon Well
19:15 Tree of Life
21:58 Tree of Life
38:30 Tree of Life
» items
| Potion of Healing | 2 | |
| Scroll of Town Portal | 3 | |
5 total
2manyspicsinBB (
green | 48 APM | 2436 actions | 51:04)
6 Paladin
3 Holy Light
2 Divine Shield
1 Resurrection
» actions
| Assign group hotkey | 62 | |
| Basic commands | 56 | |
| Build / train | 100 | |
| Enter build submenu | 23 | |
| Enter hero's abilities submenu | 6 | |
| Give item / drop item | 1 | |
| Remove unit from queue | 3 | |
| Right click | 1037 | |
| Select / deselect | 325 | |
| Select group hotkey | 723 | |
| Use ability | 100 | |
2436 total
» units
| Peasant | 12 | |
| Footman | 5 | |
| Goblin Shredder | 5 | |
| Flying Machine | 12 | |
| Mortar Team | 6 | |
| Sorceress | 4 | |
| Goblin Zeppelin | 1 | |
| Ice Troll Trapper | 1 | |
| Ice Troll Berserker | 1 | |
| Gnoll Overseer | 2 | |
| Mud Golem | 1 | |
50 total
» upgrades
| Lumber Harvesting | 1 | |
| Masonry | 3 | |
| Magic Sentry | 1 | |
| Plating | 3 | |
| Gunpowder | 3 | |
| Flak Cannons | 1 | |
| Flying Machine Bombs | 1 | |
| Sorceress Training | 2 | |
| Priest Training | 2 | |
| Flare | 1 | |
| Fragmentation Shards | 1 | |
19 total
» buildings
| Altar of Kings | 1 | |
| Farm | 10 | |
| Barracks | 1 | |
| Scout Tower | 13 | |
| Lumber Mill | 1 | |
| Arcane Vault | 1 | |
| Arcane Tower | 1 | |
| Town Hall | 2 | |
| Guard Tower | 5 | |
| Keep | 1 | |
| Castle | 1 | |
| Blacksmith | 1 | |
| Arcane Sanctum | 1 | |
| Workshop | 4 | |
| Cannon Tower | 1 | |
44 total
» build order
00:08 Altar of Kings
00:21 Farm
00:46 Barracks
01:09 Farm
01:32 Scout Tower
01:59 Lumber Mill
02:12 Arcane Vault
02:20 Arcane Tower
02:46 Farm
02:50 Farm
04:28 Town Hall
04:34 Scout Tower
04:35 Scout Tower
05:49 Guard Tower
05:52 Keep
06:53 Scout Tower
06:54 Scout Tower
06:55 Scout Tower
06:56 Scout Tower
06:56 Scout Tower
06:57 Scout Tower
07:29 Guard Tower
08:10 Guard Tower
09:03 Castle
09:10 Blacksmith
09:16 Scout Tower
09:17 Scout Tower
09:28 Arcane Sanctum
09:55 Guard Tower
10:25 Guard Tower
10:28 Workshop
10:31 Workshop
10:36 Workshop
12:07 Farm
12:07 Farm
12:07 Farm
12:08 Farm
12:09 Farm
17:10 Workshop
22:53 Town Hall
25:47 Scout Tower
26:24 Cannon Tower
» items
| Scroll of Regeneration | 3 | |
| Lesser Clarity Potion | 2 | |
| Potion of Mana | 4 | |
| Scroll of Town Portal | 2 | |
11 total
STRANGEFRUIT (
teal | 53 APM | 2716 actions | 51:04)
9 Archmage
3 Summon Water Elemental
3 Brilliance Aura
1 Mass Teleport
2 Blizzard
» actions
| Assign group hotkey | 48 | |
| Basic commands | 178 | |
| Build / train | 94 | |
| Enter build submenu | 64 | |
| Enter hero's abilities submenu | 9 | |
| Give item / drop item | 9 | |
| Right click | 1052 | |
| Select / deselect | 457 | |
| Select group hotkey | 630 | |
| Use ability | 175 | |
2716 total
» units
| Peasant | 17 | |
| Footman | 4 | |
| Goblin Shredder | 1 | |
| Gryphon Rider | 7 | |
| Goblin Sapper | 10 | |
| Priest | 1 | |
| Mortar Team | 2 | |
42 total
» upgrades
| Masonry | 3 | |
| Swords | 3 | |
| Armor | 3 | |
| Animal War Training | 1 | |
| Storm Hammers | 1 | |
| Magic Sentry | 1 | |
| Cloud | 1 | |
| Gunpowder | 3 | |
| Fragmentation Shards | 1 | |
| Flare | 1 | |
18 total
» buildings
| Altar of Kings | 1 | |
| Barracks | 1 | |
| Farm | 15 | |
| Keep | 1 | |
| Lumber Mill | 1 | |
| Town Hall | 4 | |
| Scout Tower | 33 | |
| Arcane Tower | 1 | |
| Castle | 1 | |
| Gryphon Aviary | 5 | |
| Blacksmith | 2 | |
| Guard Tower | 10 | |
| Arcane Sanctum | 1 | |
| Arcane Vault | 1 | |
| Workshop | 4 | |
81 total
» build order
00:37 Altar of Kings
00:39 Barracks
00:51 Farm
00:53 Farm
01:06 Farm
01:48 Farm
03:57 Keep
04:01 Lumber Mill
05:50 Town Hall
06:00 Scout Tower
06:33 Farm
06:38 Arcane Tower
06:57 Castle
07:08 Gryphon Aviary
07:10 Gryphon Aviary
07:12 Gryphon Aviary
07:14 Gryphon Aviary
09:07 Blacksmith
09:09 Blacksmith
09:13 Scout Tower
09:17 Scout Tower
09:18 Scout Tower
09:22 Scout Tower
09:23 Scout Tower
09:41 Gryphon Aviary
09:56 Guard Tower
10:58 Scout Tower
11:00 Scout Tower
11:04 Scout Tower
11:07 Scout Tower
11:07 Scout Tower
11:12 Scout Tower
11:13 Scout Tower
11:13 Scout Tower
11:14 Scout Tower
11:41 Arcane Sanctum
12:22 Guard Tower
13:55 Guard Tower
17:39 Farm
18:25 Scout Tower
18:26 Scout Tower
18:26 Scout Tower
18:26 Scout Tower
18:27 Scout Tower
18:48 Farm
18:49 Farm
18:49 Farm
19:05 Guard Tower
21:19 Town Hall
23:51 Town Hall
23:54 Scout Tower
23:54 Scout Tower
23:55 Scout Tower
23:55 Scout Tower
23:56 Scout Tower
23:56 Scout Tower
23:57 Scout Tower
24:25 Scout Tower
24:25 Scout Tower
24:32 Guard Tower
24:34 Scout Tower
24:36 Scout Tower
24:49 Scout Tower
25:00 Guard Tower
25:10 Scout Tower
25:11 Guard Tower
25:27 Guard Tower
25:45 Guard Tower
26:05 Farm
27:57 Arcane Vault
29:05 Guard Tower
32:33 Farm
32:34 Farm
32:39 Farm
32:40 Farm
32:43 Farm
33:33 Workshop
33:35 Workshop
33:38 Workshop
33:44 Workshop
40:58 Town Hall
» items
| Mechanical Critter | 4 | |
| Scroll of Town Portal | 2 | |
| Potion of Healing | 2 | |
| Scroll of Regeneration | 3 | |
11 total
faast (
purple | 20 APM | 1013 actions | 51:06)
3 Keeper of the Grove
2 Force of Nature
1 Entangling Roots
1 Demon Hunter
1 Immolation
» actions
| Basic commands | 22 | |
| Build / train | 49 | |
| Enter build submenu | 19 | |
| Enter hero's abilities submenu | 4 | |
| Remove unit from queue | 5 | |
| Right click | 411 | |
| Select / deselect | 415 | |
| Use ability | 88 | |
1013 total
» units
| Wisp | 21 | |
| Archer | 3 | |
| Huntress | 5 | |
| Goblin Shredder | 1 | |
30 total
» upgrades
| Strength of the Moon | 1 | |
| Moon Armor | 1 | |
| Strength of the Wild | 2 | |
| Reinforced Hides | 1 | |
| Sentinel | 1 | |
| Corrosive Breath | 1 | |
7 total
» buildings
| Altar of Elders | 2 | |
| Ancient of War | 1 | |
| Moon Well | 7 | |
| Hunter's Hall | 1 | |
| Ancient of Wonders | 1 | |
| Tree of Ages | 1 | |
| Ancient of Wind | 1 | |
| Tree of Eternity | 1 | |
| Tree of Life | 3 | |
| Chimaera Roost | 2 | |
20 total
» build order
00:09 Altar of Elders
00:11 Ancient of War
00:50 Moon Well
02:16 Moon Well
02:53 Hunter's Hall
03:09 Ancient of Wonders
03:54 Moon Well
04:13 Tree of Ages
05:58 Moon Well
09:15 Ancient of Wind
09:16 Tree of Eternity
09:20 Tree of Life
11:51 Chimaera Roost
12:16 Tree of Life
12:23 Chimaera Roost
13:53 Moon Well
14:40 Moon Well
15:02 Altar of Elders
16:10 Moon Well
18:03 Tree of Life
Chat log
(00:05 / All) STRANGEFRUIT: OH YEAH
(00:13 / All) 2manyspicsinBB: yay
(00:17 / All) 2manyspicsinBB: poor man's fullscale
(00:38 / All) 2manyspicsinBB: to this day nobody can give me a straight answer, WHY IS THERE NOTHING IN THE MIDDLE
(00:42 / All) MerryChristmas.: I instantly left my last game about 15 mins ago and they're still playing
(00:49 / All) MerryChristmas.: I wish I could see what's going on
(01:25 / Allies) UdidntHaveTp: XD
(01:28 / All) MerryChristmas.: What would they put in the middle anyway?
(01:30 / All) MerryChristmas.: Dragons?
(01:31 / All) UdidntHaveTp: XD faast
(01:33 / All) STRANGEFRUIT: Why do you think there should be anything in the middle?
(01:51 / All) 2manyspicsinBB: cuz its so awkward,
(01:53 / All) MerryChristmas.: No reason to go through the muddy middle river
(02:00 / All) MerryChristmas.: If they made it all mountain it would even be better
(02:02 / All) STRANGEFRUIT: MACHO MAN RANDY SAVAGE
(02:05 / All) STRANGEFRUIT: I INVOKE THEE
(02:20 / All) STRANGEFRUIT: GIVE YOUR MACHO MAN PROWESS TO MY TINY BODY SO I CAN BE BODACIOUS AND RADICAL LIKE YOU
(02:32 / All) STRANGEFRUIT: ULTIMATE WARRIOR
(02:34 / All) STRANGEFRUIT: I INVOKE THEE
(02:41 / All) STRANGEFRUIT: GIVE UP YOUR ULTIMATE WARRIORNESS TO ME
(02:51 / All) STRANGEFRUIT: WHEN THE BLOOD RED MOON SHINES UPON THE ASTROUNAUTS
(03:12 / All) STRANGEFRUIT: DISRESPECTFUL
(03:16 / All) STRANGEFRUIT: I WAS INVOKING SPIRITS
(03:24 / All) MerryChristmas.: WTF
(03:26 / All) MerryChristmas.: I canceled my hero
(03:27 / All) MerryChristmas.: SHIT
(03:30 / All) 2064265555: like your fucking name is disrespeful
(03:51 / All) MerryChristmas.: Level 1 harassing retard
(04:06 / All) 2064265555: happy Hanaka bitch!
(04:14 / All) STRANGEFRUIT: newbie
(05:27 / All) 2064265555: damn mofo
(07:27 / All) UdidntHaveTp: xD
(07:45 / All) MerryChristmas.: 2 runed bracers
(07:50 / All) MerryChristmas.: Too bad there's no UD to try to nuke me
(08:06 / All) STRANGEFRUIT: lawl you are good
(08:14 / All) UdidntHaveTp: XD
(08:17 / All) STRANGEFRUIT: tp for level 1
(09:38 / Allies) 2064265555: care
(09:45 / All) 2manyspicsinBB: LOL
(10:04 / All) STRANGEFRUIT: hope you know I'm gonna rape you pink
(10:21 / All) MerryChristmas.: Wow purple sucks ass
(11:11 / Allies) UdidntHaveTp: xD
(11:35 / All) STRANGEFRUIT: slow lasts way too long
(12:12 / Allies) 2064265555: umm
(12:24 / All) MerryChristmas.: It's just 1 hero blue
(12:27 / All) MerryChristmas.: and it got your potm
(12:42 / All) UdidntHaveTp: XD
(12:51 / Allies) 2064265555: aa?
(13:12 / All) STRANGEFRUIT: lawl
(13:16 / All) STRANGEFRUIT: DINNER BELLS
(13:25 / Allies) UdidntHaveTp: XDDD
(13:27 / All) UdidntHaveTp: fast
(13:29 / All) UdidntHaveTp: xD
(14:04 / All) MerryChristmas.: Water tauren are pretty good
(14:06 / All) STRANGEFRUIT: Now I can snack in peace
(14:19 / Allies) PAC-MAN: wtf how u get level 6 red?
(14:28 / Allies) MerryChristmas.: I killed blue's hero with just my hero
(14:32 / Allies) 2064265555: gold?
(14:37 / Allies) MerryChristmas.: and hit blue's expo
(14:40 / Allies) MerryChristmas.: Also got a lucky XP tome
(14:54 / Allies) PAC-MAN: nice
(15:00 / Allies) MerryChristmas.: I killed his hero with just eles
(15:37 / All) MerryChristmas.: repairing lol
(16:35 / All) UdidntHaveTp: XD
(17:02 / All) MerryChristmas.: I love the HP of night elf expos
(17:27 / Allies) UdidntHaveTp: tower me pls XD
(17:52 / Allies) MerryChristmas.: k
(18:34 / All) UdidntHaveTp: nice
(18:55 / All) UdidntHaveTp: nice
(18:57 / All) UdidntHaveTp: XDD
(19:10 / All) UdidntHaveTp: u good
(19:11 / All) UdidntHaveTp: xDD
(19:39 / Allies) UdidntHaveTp: expo RED
(19:41 / Allies) UdidntHaveTp: XDD
(19:46 / Allies) UdidntHaveTp: or i take ?
(19:50 / Allies) MerryChristmas.: I got it
(19:53 / Allies) UdidntHaveTp: kk
(21:39 / All) UdidntHaveTp: XD
(22:34 / All) STRANGEFRUIT: Orange you want to die?
(22:44 / All) UdidntHaveTp: n pls
(23:00 / All) UdidntHaveTp: <= Pascal
(23:06 / All) UdidntHaveTp: who u re ?
(23:13 / All) 2manyspicsinBB: trinidad james lol
(23:18 / All) UdidntHaveTp: XD nice
(23:31 / All) 2064265555: pink house pink car pink erythang!
(24:10 / Allies) 2064265555: run
(24:20 / All) UdidntHaveTp: XD
(24:49 / Allies) 2064265555: red
(24:55 / Allies) 2064265555: can you give yellow some money
(24:59 / Allies) MerryChristmas.: I can
(25:06 / Allies) 2064265555: he is the only guy who is making units
(25:11 / Allies) MerryChristmas.: I'm making a unit
(25:11 / Allies) 2064265555: it might get hard for you later
(25:15 / Allies) PAC-MAN: i go tnot more
(25:26 / All) MerryChristmas.: I like orange
(25:28 / All) 2manyspicsinBB: it seems you're the inferior workshop player, yellow
(25:29 / All) MerryChristmas.: He made me lots of moon wells
(25:38 / All) STRANGEFRUIT: orange's a faggot
(25:46 / All) UdidntHaveTp: u dont knw this tac ?
(25:52 / All) STRANGEFRUIT: he killed my farm at goblin lab twice
(25:56 / All) 2064265555: nothing wrong with being gay
(26:00 / All) STRANGEFRUIT: For this he will pay
(26:05 / All) 2064265555: ask teals dad?
(26:11 / Allies) PAC-MAN: lets attk pink
(26:19 / Allies) 2064265555: k where?
(26:21 / Allies) 2064265555: charge!
(26:29 / All) UdidntHaveTp: bm warden tower masss and moon i owend fagg i give free repaly
(26:33 / All) STRANGEFRUIT: Pink's dad was arrested for fisting his other dad's ass too hard and pulled out intestines
(26:44 / All) 2manyspicsinBB: this certainly isn't a game u can eat, chill and relax
(27:07 / Allies) PAC-MAN: uneed to run
(27:35 / Allies) UdidntHaveTp: XD green
(27:38 / All) 2manyspicsinBB: oh
(27:42 / All) UdidntHaveTp: XD
(27:43 / All) 2manyspicsinBB: u were on my team last night oj?
(27:59 / All) 2manyspicsinBB: i forgot who u were
(28:00 / All) UdidntHaveTp: no i was with
(28:00 / All) 2manyspicsinBB: oj?
(28:07 / All) STRANGEFRUIT: pink you're a newbie
(28:09 / All) UdidntHaveTp: i wet my crib
(28:10 / All) 2manyspicsinBB: trinidad is
(28:12 / All) 2manyspicsinBB: teal
(28:14 / All) 2manyspicsinBB: yea he was me
(28:32 / All) 2manyspicsinBB: i completely forgot the result of that game
(28:35 / All) UdidntHaveTp: who was i-wet-my-cribs ?
(28:39 / All) 2manyspicsinBB: me
(28:43 / All) UdidntHaveTp: nice
(28:58 / All) UdidntHaveTp: i let purple won this game last night
(29:15 / All) 2manyspicsinBB: u were also in our game on golems
(29:24 / Allies) UdidntHaveTp: Y
(29:25 / All) UdidntHaveTp: Y
(29:31 / All) MerryChristmas.: I bet he thinks that was such a pickup
(30:39 / All) UdidntHaveTp: golem map i was with dazzlingkillmen
(30:44 / All) UdidntHaveTp: i was pink TK
(30:47 / All) STRANGEFRUIT: No you werhn't
(30:50 / All) 2manyspicsinBB: i was russel willson sux
(30:54 / All) MerryChristmas.: I was the dazzling killman
(30:57 / All) UdidntHaveTp: y u were purple orc
(31:04 / All) UdidntHaveTp: XD
(31:07 / All) 2manyspicsinBB: yea i was the yellar belly
(31:14 / Allies) PAC-MAN: ok pink lets atk
(31:21 / Allies) 2064265555: k
(31:25 / All) UdidntHaveTp: who s yelow ?
(31:31 / All) UdidntHaveTp: friend ?
(32:03 / All) STRANGEFRUIT: that's okay I get 100 100 food
(32:13 / Allies) 2064265555: lol
(32:14 / All) STRANGEFRUIT: Whoops
(32:21 / All) UdidntHaveTp: XDDDD
(32:27 / All) UdidntHaveTp: he cant kill me :p
(33:01 / Allies) PAC-MAN: there pink
(33:12 / All) UdidntHaveTp: XDDDDDDD
(33:17 / All) MerryChristmas.: 2 can play at moonwells, orange
(33:40 / Allies) 2064265555: what happened?
(33:51 / Allies) UdidntHaveTp: dnt kill me cunt i will not win
(33:58 / All) UdidntHaveTp: XDDDD
(34:02 / All) MerryChristmas.: Got it
(34:07 / Allies) UdidntHaveTp: i stopped to controlled
(34:41 / All) UdidntHaveTp: he killed me
(34:51 / Allies) 2064265555: why?
(35:10 / All) UdidntHaveTp: XD he didnt appreciate the Tk last night
(35:21 / All) MerryChristmas.: Who?
(35:25 / All) MerryChristmas.: I know I sure did as I was the tker
(35:31 / All) UdidntHaveTp: u
(35:38 / Allies) 2064265555: gold pls green
(35:40 / All) MerryChristmas.: I haven't been tked lately
(35:43 / Allies) 2064265555: i mean pac man
(36:04 / All) STRANGEFRUIT: you didn't tk anyone pascal
(36:25 / All) UdidntHaveTp: y i will tried on yellow human
(36:34 / All) MerryChristmas.: Can't tolerate any of these dangerous heroes that are hard to catch
(36:45 / All) UdidntHaveTp: he has counter TP XD
(36:52 / All) MerryChristmas.: Got to solve them before they get TOO dangerous
(36:57 / Allies) PAC-MAN: lol this is pointless
(37:04 / All) UdidntHaveTp: XDD
(37:26 / All) MerryChristmas.: Why patrol?
(37:28 / All) STRANGEFRUIT: time to die noobie
(37:28 / All) 2manyspicsinBB: this is an awkward game
(37:36 / All) MerryChristmas.: Purple is on patrol command with his Keeper of the Groove
(38:00 / All) UdidntHaveTp: no hawk this time
(38:03 / All) UdidntHaveTp: ?
(38:26 / All) UdidntHaveTp: he loved morts hawk last night :p
(38:28 / All) MerryChristmas.: Fucking autocast wells
(38:38 / All) UdidntHaveTp: XDDDD
(38:43 / All) UdidntHaveTp: i tunron off ?
(38:51 / All) UdidntHaveTp: turn off
(38:53 / Allies) UdidntHaveTp: *
(38:55 / All) 2manyspicsinBB: me?
(39:03 / All) UdidntHaveTp: me
(39:06 / All) UdidntHaveTp: moon
(39:12 / All) UdidntHaveTp: to red
(39:45 / All) UdidntHaveTp: LOL faast
(39:55 / All) UdidntHaveTp: owned u warden last game
(39:56 / All) faast: :(
(39:57 / All) UdidntHaveTp: XDD
(40:12 / All) UdidntHaveTp: wrden <3
(40:35 / All) MerryChristmas.: Is purple a robot?
(40:41 / All) faast: nah
(40:44 / All) UdidntHaveTp: XD
(40:46 / All) faast: not paying attention
(40:48 / All) MerryChristmas.: He throws his heroes away so easily
(40:57 / All) faast: looking at porn
(41:37 / All) UdidntHaveTp: wtf 35k gold
(42:50 / Allies) UdidntHaveTp: u make smurf acc evrytime ?
(43:00 / All) UdidntHaveTp: u make smurf acc evrytime ?
(43:14 / All) STRANGEFRUIT: lol
(44:53 / All) MerryChristmas.: Ahhhhhhh
(44:57 / All) MerryChristmas.: Peace and quiet
(45:19 / All) 2manyspicsinBB: did u manage to get any food this game?
(45:58 / All) STRANGEFRUIT: I had it to start the game
(46:03 / All) STRANGEFRUIT: which is why pink was so damn annoying
(46:07 / All) STRANGEFRUIT: I wanted to chill and snack
(46:21 / All) 2manyspicsinBB: would u say his harassing was effective?
(46:26 / All) STRANGEFRUIT: No
(46:30 / All) STRANGEFRUIT: he didn't kill a single peon
(46:47 / All) 2manyspicsinBB: farewell agamand the true
(49:01 / All) 2manyspicsinBB: can i lleave a sorc for purp?
(49:15 / All) MerryChristmas.: Yeah
(50:15 / All) STRANGEFRUIT: is this everything
(50:20 / All) MerryChristmas.: My side is done
(50:37 / All) 2manyspicsinBB: gl pascal and faast
(50:43 / All) MerryChristmas.: Good luck everyone
(50:43 / All) STRANGEFRUIT: an offering to the war god
(50:47 / All) UdidntHaveTp: XD
(50:47 / All) MerryChristmas.: LET IT BEGIN, LET IT BEGIN!